 Dungeon Crawl Stone Soup version 0.27-a0-681-g0c81a3c1c3 (webtiles) character file.

Game seed: 1062215640751106414

441 jasper the Chopper (level 7, -10/93 HPs)
             Began as a Hill Orc Monk on Mar 19, 2021.
             Was a Believer of Beogh.
             Killed from afar by a gargoyle (19 damage)
             ... with a stone arrow
             ... on level 5 of the Dungeon.
             The game lasted 00:16:02 (7794 turns).

jasper the Chopper (Hill Orc Monk)                  Turns: 7794, Time: 00:16:03

Health: -10/93     AC: 23    Str: 16    XL:     7   Next: 2%
Magic:  7/7        EV:  2    Int: 10    God:    Beogh [**....]
Gold:   72         SH:  0    Dex: 13    Spells: 1/6 levels left

rFire    . . .     SeeInvis .   e - +0 halberd
rCold    . . .     Faith    .   (shield currently unavailable)
rNeg     + + +     Spirit   .   (armour currently unavailable)
rPois    +         Reflect  .   (helmet currently unavailable)
rElec    .         Harm     .   (cloak currently unavailable)
rCorr    .         Rampage  .   (gloves currently unavailable)
Will     .....     NoTele   +   (boots currently unavailable)
Stlth    ++........             (no amulet)
HPRegen  0.25/turn              (no ring)
MPRegen  0.10/turn              (no ring)

@: tree-form (expiring)
A: stationary, stasis, torment immunity, boosted hp
a: Renounce Religion, Smiting


You were on level 5 of the Dungeon.
You worshipped Beogh.
Beogh was pleased with you.
You were a tree.
You visited 2 branches of the dungeon, and saw 6 of its levels.

You collected 72 gold pieces.

Inventory:

Hand Weapons
 a - a +0 hand axe
 e - a +0 halberd (weapon)
 f - a +0 whip
 j - a +0 hunting sling
 q - a +0 whip of freezing
Missiles
 c - 115 stones (quivered)
 d - 14 sling bullets
 g - 96 arrows
Armour
 b - a +0 robe
 k - a +0 ring mail
 l - a +0 chain mail
 o - a +1 helmet (melded)
 r - a +4 ring mail (melded)
Scrolls
 h - a scroll of teleportation
 i - 2 scrolls of summoning {unknown}
 p - a scroll of blinking {unknown}
 t - 2 scrolls of fear
 u - a scroll of identify
 v - a scroll of immolation {unknown}


   Skills:
 + Level 5.6 Fighting
 * Level 7.9 Axes
 + Level 3.0 Armour
 - Level 2.4 Dodging
 - Level 1.5 Stealth


You had one spell level left.
You knew the following spells:

 Your Spells              Type           Power      Damage    Failure   Level
a - Blink                 Tloc           N/A        N/A       50%         2
b - Confusing Touch       Hex            0%         N/A       75%         3

Your spell library contained the following spells:

 Spells                   Type           Power      Damage    Failure   Level
 Magic Dart               Conj           0%         1d3       36%         1
 Call Imp                 Summ           0%         N/A       50%         2
 Slow                     Hex            0%         N/A       50%         2
 Conjure Flame            Conj/Fire      0%         6-21      75%         3
 Gell's Gravitas          Tloc           0%         N/A       75%         3
 Mephitic Cloud           Conj/Pois/Air  0%         N/A       75%         3
 Petrify                  Tmut/Erth      0%         N/A       98%         4
 Metabolic Englaciation   Hex/Ice        0%         N/A       100%        5
 Yara's Violent Unravell  Hex/Tmut       0%         3d3       100%        5


Dungeon Overview and Level Annotations

Branches:
Dungeon (5/15)             Temple (1/1) D:4

Altars:
Elyvilon
Nemelex Xobeh

Shops:
D:3 [

Annotations:
D:4 2 transporters, Menkaure
D:5 4 runed translucent doors (two headed ogre+yak)


Message History

The gargoyle hits you but does no damage.
You barely miss the gargoyle.
The gargoyle is severely damaged.
The gargoyle hurls a stone arrow at you.
The stone arrow hits you!
* * * LOW HITPOINT WARNING * * *
You take 7 damage, and have 11/93 hp.
You closely miss the gargoyle.
The gargoyle is severely damaged.
Your transformation is almost over.
The gargoyle hits you but does no damage.
You slash the gargoyle!
The gargoyle is almost destroyed.
The gargoyle hits you but does no damage.
The gargoyle hurls a stone arrow at you.
The stone arrow hits you.
* * * LOW HITPOINT WARNING * * *
You take 2 damage, and have 9/93 hp.
You completely miss the gargoyle.
The gargoyle is almost destroyed.
The gargoyle hurls a stone arrow at you.
The stone arrow hits you!
* * * LOW HITPOINT WARNING * * *
You take 6 damage, and have 3/93 hp.
You feel better.
The gargoyle hurls a stone arrow at you.
The stone arrow misses you.
You regained 5 hp, and now have 8/93 hp.
You hit the gargoyle but do no damage.
The gargoyle is almost destroyed.
The gargoyle barely misses you.
You hit the gargoyle but do no damage.
The gargoyle is almost destroyed.
The gargoyle hurls a stone arrow at you.
The stone arrow hits you but does no damage.
You barely miss the gargoyle.
The gargoyle is almost destroyed.
The gargoyle hurls a stone arrow at you.
The stone arrow hits you!!
You die...

.....## #..........##
......# #...........#
......## #...........#
.......# ###...........#
.......# #....<........#
.......###.#.......>...#
......................#
)...######..######...##
...## ####...♣##..# ...#
#$##9#.#..# ...
#..#.#..# #.. ..###.#..#
#)##.#.#..# ###.#.##..#
#'###...# ######.......#
...##8)/8##.#...##


You could see a gargoyle.

Vanquished Creatures
  An orc warrior (D:3)
  2 orc priests
  An orc wizard (Temple)
  3 worker ants
  5 adders
  A gnoll (D:1)
  2 river rats (D:5)
  2 oozes
  An adder zombie (D:3)
  An adder skeleton (D:5)
  2 worms
  A dart slug (D:2)
  A leopard gecko (D:1)
  10 orcs
  6 giant cockroaches
  10 goblins
  6 hobgoblins
  11 jackals
  4 kobolds
  A quokka (D:4)
  5 bats
  3 frilled lizards
  4 rats
83 creatures vanquished.

Vanquished Creatures (others)
  An orc wizard (D:3)
  An orc (D:3)
  A giant cockroach (D:3)
  A goblin (D:3)
  A kobold (D:3)
  12 plants
17 creatures vanquished.

Grand Total: 100 creatures vanquished

Notes
Turn   | Place    | Note
-------+----------+-------------------------------------------
     0 | D:1      | jasper the Hill Orc Monk began the quest for the Orb.
     0 | D:1      | Reached XP level 1. HP: 19/19 MP: 1/1
   148 | D:1      | Reached XP level 2. HP: 16/27 MP: 2/2
  1177 | D:2      | Reached skill level 5 in Axes
  1177 | D:2      | Reached XP level 3. HP: 32/33 MP: 3/3
  2659 | D:2      | Found a white marble altar of Elyvilon.
  3459 | D:3      | Found Tingiv's Armour Shoppe.
  3547 | D:3      | Reached XP level 4. HP: 41/41 MP: 4/4
  3802 | D:3      | Reached skill level 1 in Armour
  3889 | D:3      | Reached skill level 6 in Axes
  4082 | D:3      | Noticed an orc warrior
  4108 | D:3      | Killed an orc warrior
  4109 | D:3      | Reached skill level 5 in Fighting
  4109 | D:3      | Reached XP level 5. HP: 48/48 MP: 5/5
  4109 | D:3      | Became a worshipper of Beogh the Brigand
  4109 | D:3      | Reached * piety under Beogh
  4109 | D:3      | Reached ** piety under Beogh
  4411 | D:3      | Reached XP level 6. HP: 38/56 MP: 6/6
  4569 | D:3      | Learned a level 2 spell: Blink
  5001 | D:4      | Found a staircase to the Ecumenical Temple.
  5016 | D:4      | Learned a level 3 spell: Confusing Touch
  5041 | D:4      | Reached skill level 7 in Axes
  5366 | D:4      | Found a transporter.
  5414 | D:4      | Found a transporter.
  5531 | D:4      | Found a sparkling altar of Nemelex Xobeh.
  5549 | D:5      | Entered Level 5 of the Dungeon
  5850 | Temple   | Entered the Ecumenical Temple
  6571 | D:4      | Noticed Menkaure
  7590 | D:5      | Reached XP level 7. HP: 46/62 MP: 4/7
  7726 | D:5      | Found a large runed translucent door.
  7726 | D:5      | Found a large runed translucent door.
  7728 | D:5      | Noticed a yak
  7728 | D:5      | Noticed a two-headed ogre
  7734 | D:5      | Found a large runed translucent door.
  7734 | D:5      | Found a large runed translucent door.
  7759 | D:5      | Noticed a gargoyle
  7790 | D:5      | HP: 3/93 [gargoyle/stone arrow (7)]
  7794 | D:5      | Killed from afar by a gargoyle

Illustrated notes

Levels and vault maps discovered:
D:1:      minmay_arrival_arboretum_large, layout_loops_corners
D:2:      layout_loops_ring, serial_bayou_pond_a, elyvilon_altar_1
D:3:      layout_loops_ring, serial_shops, nicolae_shop_stone
D:4:      layout_loops_ring, kennysheep_mini_moat,
          minmay_temple_entry_sparse_star, gammafunk_ghost_gnarly_gnolls,
          lemuel_tele_altar, uniq_menkaure
D:5:      layout_cave_pods, nicolae_overflow_hidden_temple,
          portal_sewer_entry_b, minmay_hollow_rounded_squares
Temple:   nicolae_temple_god_jail

Skill      XL: |  1  2  3  4  5  6 |
---------------+-------------------+-----
Fighting       | 4 5 |  5.6
Axes           | 5 6 7 |  7.9
Armour         | 2 3 |  3.0
Dodging        | |  2.4
Stealth        | |  1.5

Action                   |  1- 3 |  4- 6 |  7- 9 || total
-------------------------+-------+-------+-------++-------
Melee: Hand axe          |    95 |   206 |    19 ||   320
       Halberd           |       |     9 |     7 ||    16
       Whip              |       |     7 |       ||     7
 Fire: Hunting sling     |    22 |    28 |     2 ||    52
Throw: Stone             |    58 |    35 |       ||    93
Invok: Convert to Beogh  |       |     1 |       ||     1
       Smiting           |       |     3 |       ||     3
Evoke: Wand              |     1 |     1 |       ||     2
  Use: Potion            |     1 |       |     4 ||     5
       Scroll            |       |     7 |     1 ||     8
Armor: Robe              |    18 |       |       ||    18
       Ring mail         |     3 |    59 |       ||    62
       Chain mail        |       |    20 |       ||    20
       Skin              |       |       |    12 ||    12
Dodge: Dodged            |    83 |   128 |     2 ||   213

Table legend: (Time is in decaauts)
 A = Elapsed time spent in this place.
 B = Non-inter-level travel time spent in this place.
 C = Inter-level travel time spent in this place.
 D = Time resting spent in this place.
 E = Time spent auto-exploring this place.
 F = Levels seen in this place.
 G = Mean time per level.
                   A        B        C        D        E       F      G
               +--------+--------+--------+--------+--------+-----+--------+
         Total |   7813 |   7425 |    388 |   2913 |   3057 |   6 | 1302.2 |
       Dungeon |   7319 |   6932 |    387 |   2469 |   3057 |   5 | 1463.8 |
        Temple |    494 |    493 |      1 |    444 |      0 |   1 |  494.0 |
               +--------+--------+--------+--------+--------+-----+--------+

Top non-repeatable levels by time:
     D:2: 2235 daAuts
     D:3: 1759 daAuts
     D:1: 1662 daAuts
     D:4: 1184 daAuts
  Temple: 494 daAuts
     D:5: 477 daAuts
